 Dungeon Sprint DCSS version 0.30-a0-272-gf98c3da03f (webtiles) character file.

Game seed: 3460228429574365641

24 Low2 the Ruffian (level 2, -4/28 HPs)
             Began as a Troll Gladiator on Oct 15, 2022.
             Slain by an ogre
             ... wielding a +0 giant club
              (32 damage)
             ... in the Dungeon (Sprint I: "Red Sonja").
             The game lasted 00:00:15 (41 turns).

Low2 the Ruffian (Troll Gladiator)                    Turns: 41, Time: 00:00:16

Health: -4/28      AC:  4    Str: 21    XL:     2   Next: 79%
Magic:  1/1        EV: 10    Int:  4    God:
Gold:   0          SH:  0    Dex: 11    Spells: 1/1 levels left

rFire   . . .      SeeInvis .      - Unarmed
rCold   . . .      Faith    .    (no shield)
rNeg    . . .      Spirit   .    a - +0 robe
rPois   .          Reflect  .    b - +0 hat
rElec   .          Harm     .    (no cloak)
rCorr   .          Rampage  .    (gloves unavailable)
Will    .....      NoTele   +    (boots unavailable)
Stlth   +.........               (no amulet)
HPRegen 1.04/turn                (no ring)
MPRegen 0.07/turn                (no ring)

@: no status effects
A: large, unfitting armour, claws 3, regeneration 1, shaggy fur 1, tough skin 1
a: no special abilities


You were in the Dungeon.
You visited 1 branch

Inventory:

Missiles
 c - a throwing net (quivered)
 d - a large rock
Armour
 a - a +0 robe (worn)
 b - a +0 hat (worn)
Wands
 k - a wand of light (1)
Scrolls
 j - a scroll of blinking
Potions
 e - a potion of curing
 f - a potion of heal wounds
 g - a potion of haste
 h - 2 potions of magic
 i - a potion of berserk rage


   Skills:
 + Level 2.1 Fighting
 + Level 2.5 Throwing
 + Level 3.6 Dodging
 + Level 0.5 Stealth
 + Level 4.5 Unarmed Combat


You had one spell level left.
You didn't know any spells.
Your spell library was empty.

Dungeon Overview and Level Annotations

Branches:
Dungeon (1/1)

Altars:


Innate Abilities, Weirdness & Mutations

You are too large for most types of armour.
You have claws for hands.
Your natural rate of healing is unusually fast.
You are covered in fur. (AC +1)
You have tough skin. (AC +1)


Message History

Things that are here:
a +0 dagger; a +0 leather armour; the goblin corpse of Ijyb
c - 2 throwing nets (gained 1)
Things that are here:
a +0 dagger; a +0 leather armour; the goblin corpse of Ijyb
There is an open door here.
There is an open door here.
Things that are here:
a +0 dagger; a +0 leather armour; the goblin corpse of Ijyb You open the door.
An ogre comes into view. It is wielding a +0 giant club.
Throw: 2 throwing nets
Press: ? - help, Q - select action, (/) - cycle Shift-Dir - straight line, f - ogre
Aim: an ogre, wielding a +0 giant club (73% to hit)
You throw a throwing net. The throwing net hits the ogre.
The ogre is caught in the net!
The ogre struggles against the net.
The ogre struggles against the net.
There is an open door here.
You scratch the ogre but do no damage.
The ogre struggles against the net.
You scratch the ogre.
The ogre is moderately wounded.
The ogre struggles against the net.
You scratch the ogre.
The ogre is moderately wounded.
The ogre struggles against the net.
You scratch the ogre but do no damage.
The ogre is moderately wounded.
You barely miss the ogre. You claw the ogre.
The ogre is moderately wounded.
The ogre struggles against the net.
You scratch the ogre.
The ogre is heavily wounded.
The ogre struggles against the net.
The net rips apart, and the ogre comes free!
You claw the ogre!
The ogre is severely wounded.
The ogre hits you with a +0 giant club!!
Ouch! That really hurt!
You die...

##########
#<.#..@O.#
#..').#..+
#..#####+#
#..# #..#
#..# #⌠⌠#
####


You could see an ogre.

Vanquished Creatures
  Ijyb (D)
1 creature vanquished.

Notes
Turn   | Place    | Note
-------+----------+-------------------------------------------
     0 | D        | Low2 the Troll Gladiator began the quest for the Orb.
     0 | D        | Reached XP level 1. HP: 19/19 MP: 0/0
     2 | D        | Noticed Ijyb
    10 | D        | Killed Ijyb
    11 | D        | Reached skill level 4 in Unarmed Combat
    11 | D        | Reached XP level 2. HP: 6/28 MP: 1/1
    32 | D        | Noticed an ogre
    41 | D        | Slain by an ogre

Illustrated notes

Levels and vault maps discovered:
D:        dungeon_sprint_1 [red_sonja_temple_1, red_sonja_temple_small_1]

Skill      XL: |  1 |
---------------+----+-----
Fighting       | 2 |  2.1
Throwing       | 2 |  2.5
Dodging        | 3 |  3.6
Unarmed Combat | 4 |  4.5
Stealth        | |  0.5

Action                   || total
-------------------------++-------
Melee: Unarmed           ||    12
       Punch             ||     1
Throw: Throwing net      ||     3
 Stab: Held in net/web   ||     2
Dodge: Dodged            ||     1

Table legend: (Time is in decaauts)
 A = Elapsed time spent in this place.
 B = Non-inter-level travel time spent in this place.
 C = Inter-level travel time spent in this place.
 D = Time resting spent in this place.
 E = Time spent auto-exploring this place.
 F = Levels seen in this place.
 G = Mean time per level.
                   A        B        C        D        E       F      G
               +--------+--------+--------+--------+--------+-----+--------+
         Total |     39 |     39 |      0 |      0 |      0 |   1 |   39.0 |
       Dungeon |     39 |     39 |      0 |      0 |      0 |   1 |   39.0 |
               +--------+--------+--------+--------+--------+-----+--------+

Top non-repeatable levels by time:
       D: 39 daAuts
